Map: Simulacrum LE

Players

antagomiR

  • Race: Protoss Protoss
  • Spawn Location: 5:00

DaDingus - Winner!

  • Race: Zerg Zerg
  • League: Gold
  • Spawn Location: 11:00

VOD

Have the link to the VOD?

Description

Time

  • Played on: March 29, 2020, 9:12 p.m.
  • Length: 6:40
Show
View Real Time Build Order
Export as new Build Order

antagomiR Protoss 

Build Orders: Dark Templar Rush 

Get SALT Encoding   

  12  0:00  Probe  
  13  0:13  Probe  
  14  0:19  Pylon  
  14  0:27  Probe  
  15  0:39  Probe  
  15  0:41  Gateway  
  16  0:51  Probe  
  16  0:54  Assimilator  
  17  1:03  Probe  
  18  1:04  Assimilator  
  18  1:16  Probe  
  19  1:28  Probe  
  20  1:33  Pylon  
  20  1:40  Probe  
  20  1:41  Cybernetics Core  
  21  1:51  Zealot (Chrono Boost)  
  21  1:52  Probe  
  24  2:05  Probe  
  25  2:11  Warp Gate (Chrono Boost)  
  25  2:15  Pylon  
  25  2:26  Probe  
  25  2:27  Twilight Council  
  26  2:38  Probe  
  29  2:44  Zealot  
  29  2:50  Probe  
  30  3:04  Gateway  
  30  3:06  Gateway  
  30  3:07  Probe  
  30  3:09  Gateway  
  31  3:21  Dark Shrine  
  31  3:33  Pylon  
  31  3:49  Pylon  
  31  3:51  Probe  
  32  4:03  Probe  
  33  4:15  Probe  
  34  4:17  Pylon  
  34  4:27  Probe  
  35  4:35  Dark Templar x2  
  35  4:36  Dark Templar x2  
  42  4:39  Probe  
  43  4:51  Probe  
  44  5:02  Nexus  
  40  5:33  Pylon  
  36  5:36  Dark Templar x3  
  42  5:48  Assimilator  
  42  5:50  Assimilator  
  42  6:04  Pylon  
  42  6:11  Forge  
Show
View Real Time Build Order
Export as new Build Order

DaDingus Zerg - Winner!

Build Orders: Hatch First 

Get SALT Encoding   

  12  0:01  Drone  
  13  0:10  Drone  
  14  0:16  Overlord  
  14  0:36  Drone x3  
  17  0:55  Hatchery  
  16  1:00  Drone  
  17  1:14  Spawning Pool  
  17  1:16  Extractor  
  17  1:18  Drone  
  16  1:26  Drone x2  
  18  1:33  Drone  
  19  1:44  Drone  
  20  1:59  Extractor  
  19  2:02  Drone  
  19  2:03  Queen  
  19  2:05  Overlord  
  19  2:07  Queen  
  24  2:13  Drone  
  25  2:23  Drone  
  25  2:29  Roach Warren  
  25  2:32  Zergling x6  
  28  2:47  Drone  
  28  2:48  Zergling x4  
  31  2:59  Drone  
  31  3:00  Drone  
  31  3:03  Lair  
  33  3:16  Drone  
  33  3:17  Drone x2  
  33  3:18  Overlord  
  36  3:21  Metabolic Boost  
  36  3:46  Queen  
  40  3:48  Roach x2  
  40  3:49  Roach  
  40  3:50  Overlord  
  40  3:52  Overlord  
  44  4:11  Roach x2  
  44  4:12  Roach  
  44  4:13  Roach x2  
  54  4:17  Glial Reconstitution  
  54  4:20  Drone  
  55  4:26  Drone  
  55  4:28  Drone  
  57  4:41  Drone x3  
  60  4:46  Overlord x2  
  60  4:54  Extractor  
  59  5:03  Zergling x2  
  59  5:04  Zergling x4  
  60  5:07  Overseer  
  60  5:13  Overseer  
  57  5:57  Hatchery  
  57  6:01  Hatchery  
  55  6:09  Drone, Overlord  
  55  6:11  Roach  
Tags
 
League
Gold
Matchup
PvZ
Replay Pack
20200422
Spawn Locations
Cross Positions
Add a new tag
Caveats
  • Supply blocks, unpowered buildings, or Contaminate may cause inaccurate times.
  • Supply counts are checked every 10 seconds.